 Dungeon Crawl Stone Soup version 0.30-a0-1164-ge08a67761e (webtiles) character file.

Game seed: 17742762384329117052

16 Adrian566 the Slasher (level 2, -3/24 HPs)
             Began as a Demigod Gladiator on Apr 29, 2023.
             Slain by a gnoll
             ... wielding a +0 club
              (6 damage)
             ... on level 2 of the Dungeon.
             The game lasted 00:00:35 (798 turns).

Adrian566 the Slasher (Demigod Gladiator)            Turns: 798, Time: 00:00:36

Health: -3/24      AC:  4    Str: 15    XL:     2   Next: 24%
Magic:  4/4        EV: 12    Int: 10    God:
Gold:   57         SH:  0    Dex: 15    Spells: 1/1 levels left

rFire   . . .        a - +0 long sword
rCold   . . .        (no shield)
rNeg    . . .        b - +0 leather armour
rPois   .            c - +0 helmet
rElec   .            (no cloak)
rCorr   .            (no gloves)
SInv    .            (no boots)
Will    .....        (no amulet)
Stlth   +            (no ring)
HPRegen 0.24/turn    (no ring)
MPRegen 0.09/turn

%: no passive effects
@: no status effects
A: high MP 1, forlorn, divine attributes
a: no special abilities


You were on level 2 of the Dungeon.
You visited 1 branch of the dungeon, and saw 2 of its levels.

You collected 57 gold pieces.

Inventory:

Hand Weapons
 a - a +0 long sword (weapon)
Missiles
 d - 3 throwing nets (quivered)
 e - a javelin
Armour
 b - a +0 leather armour (worn)
 c - a +0 helmet (worn)
Scrolls
 f - a scroll of blinking {unknown}
 g - a scroll of fog {unknown}
Potions
 h - a potion of cancellation {unknown}
 i - a potion of flight {unknown}
 j - a potion of attraction {unknown}
 k - a potion of haste {unknown}
 l - a potion of heal wounds {unknown}


   Skills:
 + Level 1.8 Fighting
 * Level 3.2 Long Blades
 + Level 1.8 Throwing
 + Level 2.9 Dodging


You had one spell level left.
You didn't know any spells.
Your spell library contained the following spells:

 Spells                   Type           Power      Damage    Failure   Level
 Apportation              Tloc           0%         N/A       43%         1
 Portal Projectile        Hex/Tloc       0%         N/A       80%         3
 Malign Gateway           Summ/Tloc      0%         N/A       100%        7
 Ozocubu's Refrigeration  Ice            0%         4d7       100%        7


Dungeon Overview and Level Annotations

Branches:
Dungeon (2/15)


Innate Abilities, Weirdness & Mutations

You have an increased reservoir of magic. (+10% MP)
You shall have no god before yourself.
Your divine heritage dramatically boosts your attributes as you level up.


Message History

l - a golden potion You now have 57 gold pieces (gained 12).
You open the door.
There is an open door here.
You open the door. 3 gnolls come into view.
The gnoll shouts! x2
The gnoll barely misses you.
The gnoll shouts!
There are monsters nearby!
An endoplasm comes into view.
The endoplasm quivers.
The gnoll completely misses you. The gnoll hits you with a +0 club.
The gnoll closely misses you.
There is an open door here.
You hit the gnoll.
The gnoll is lightly wounded.
The gnoll completely misses you. The gnoll hits you with a +0 club.
The gnoll hits you from afar with a +3 spear!
* * * LOW HITPOINT WARNING * * *
You are too injured to fight recklessly!
You are too injured to fight recklessly!
You are too injured to fight recklessly!
You are too injured to fight recklessly!
You are too injured to fight recklessly!
You are too injured to fight recklessly!
You are too injured to fight recklessly!
You are too injured to fight recklessly!
You are too injured to fight recklessly!
You are too injured to fight recklessly!
You are too injured to fight recklessly!
You are too injured to fight recklessly!
You are too injured to fight recklessly!
You are too injured to fight recklessly!
You are too injured to fight recklessly!
You are too injured to fight recklessly!
The gnoll attacks as you move away! The gnoll closely misses you.
There are monsters nearby!
The gnoll attacks as you move away! The gnoll hits you with a +0 club.
You die...

.###. #.#.#.## #.....
#.#.#... #...#.#...##
#.#.###. #...#.#
#..####.#.###.
#...#.###.......#.....
#...#.##..........####
#...#.##.....†....#
#..J#.##..........#
#...#@##..†.......#
+.ggg.##..........#
#...##........#####
#### #........#
#........# #......#>#
####'###.# #.# #.# #.#
#.#


You could see 3 gnolls.

Vanquished Creatures
  A dart slug (D:1)
  2 endoplasms (D:1)
  2 goblins (D:1)
  A hobgoblin (D:1)
  A kobold (D:1)
  A quokka (D:2)
  2 bats (D:2)
  2 rats (D:1)
12 creatures vanquished.

Notes
Turn   | Place    | Note
-------+----------+-------------------------------------------
     0 | D:1      | Adrian566 the Demigod Gladiator began the quest for the
                  | Orb.
     0 | D:1      | Reached XP level 1. HP: 17/17 MP: 3/3
   180 | D:1      | Reached skill level 3 in Long Blades
   202 | D:1      | Got Tisutej's Book of Movement and the Icicle
   465 | D:1      | Reached XP level 2. HP: 19/24 MP: 4/4
   798 | D:2      | Slain by a gnoll

Illustrated notes

Levels and vault maps discovered:
D:1:      dpeg_arrival_concentric_ovals, layout_basic
D:2:      layout_basic

Skill      XL: |  1 |
---------------+----+-----
Long Blades    | 3 |  3.2
Fighting       | |  1.8
Throwing       | |  1.8
Dodging        | |  2.9

Action                     || total
---------------------------++-------
  Melee: Long sword        ||    38
 Armour: Leather armour    ||    16
  Dodge: Dodged            ||    45

Table legend: (Time is in decaauts)
 A = Elapsed time spent in this place.
 B = Non-inter-level travel time spent in this place.
 C = Inter-level travel time spent in this place.
 D = Time resting spent in this place.
 E = Time spent auto-exploring this place.
 F = Levels seen in this place.
 G = Mean time per level.
                   A        B        C        D        E       F      G
               +--------+--------+--------+--------+--------+-----+--------+
         Total |    807 |    803 |      4 |      0 |    684 |   2 |  403.5 |
       Dungeon |    807 |    803 |      4 |      0 |    684 |   2 |  403.5 |
               +--------+--------+--------+--------+--------+-----+--------+

Top non-repeatable levels by time:
     D:1: 750 daAuts
     D:2: 57 daAuts
